 Dungeon Crawl Stone Soup version 0.24-a0-618-ge4662a2d14 (webtiles) character file.

Game seed: 9377778943906868417, levelgen mode: deterministic

175 Mame the Chopper (level 5, -2/47 HPs)
             Began as a Hill Orc Monk on Sept 16, 2019.
             Was a Believer of Beogh.
             Slain by an ogre
             ... wielding a +0 giant club
              (15 damage)
             ... on level 4 of the Dungeon.
             The game lasted 00:11:39 (3836 turns).

Mame the Chopper (Hill Orc Monk)                    Turns: 3836, Time: 00:11:40

Health: -2/47      AC: 10    Str: 15    XL:     5   Next: 55%
Magic:  5/5        EV:  7    Int: 10    God:    Beogh [**....]
Gold:   133        SH:  0    Dex: 13    Spells: 4/4 levels left

rFire    . . .     SeeInvis .   a - +0 hand axe
rCold    . . .     Gourm    .   (no shield)
rNeg     . . .     Faith    .   f - +0 chain mail
rPois    .         Spirit   .   (no helmet)
rElec    .         Reflect  .   (no cloak)
rCorr    .         Harm     .   (no gloves)
MR       .....                  o - +1 pair of boots
Stlth    ..........             (no amulet)
HPRegen  0.15/turn              (no ring)
MPRegen  0.09/turn              (no ring)

@: no status effects
A: no striking features
a: Smiting, Renounce Religion


You were on level 4 of the Dungeon.
You worshipped Beogh.
Beogh was pleased with you.
You were not hungry.

You visited 1 branch of the dungeon, and saw 4 of its levels.

You collected 133 gold pieces.

Inventory:

Hand Weapons
 a - a +0 hand axe (weapon)
 r - a +0 war axe
Armour
 b - a +0 robe
 f - a +0 chain mail (worn)
 l - a +0 ring mail
 m - a +0 leather armour
 o - a +1 pair of boots (worn)
 s - a +0 scale mail
Scrolls
 d - 3 scrolls of identify
 i - 3 scrolls of magic mapping
 n - a scroll of amnesia
 q - a scroll of teleportation {unknown}
Potions
 e - a potion of ambrosia
 h - a potion of degeneration {unknown}
 j - 3 potions of heal wounds
 p - a potion of invisibility {unknown}
Comestibles
 c - 6 rations


   Skills:
 + Level 4.9 Fighting
 * Level 6.2 Axes
 + Level 2.4 Armour
 - Level 2.4 Dodging
 - Level 1.5 Stealth


You had 4 spell levels left.
You didn't know any spells.
Your spell library was empty.

Dungeon Overview and Level Annotations

Branches:
Dungeon (4/15)
 Temple: D:4-7

Altars:

Annotations:
D:4 Grinder


Message History

Okay, then.
Firing (i - inventory) No suitable missiles.
Press: ? - help, Shift-Dir - straight line, f/p - ogre
Aim: an ogre, wielding a +0 giant club (moderately wounded)
Okay, then.
Firing (i - inventory) No suitable missiles.
Press: ? - help, Shift-Dir - straight line, f/p - ogre
Aim: an ogre, wielding a +0 giant club (moderately wounded)
Okay, then.
The ogre closely misses you.
You hit the ogre.
The ogre is heavily wounded.
The ogre hits you with a +0 giant club!
You hit the ogre.
The ogre is heavily wounded.
The ogre hits you with a +0 giant club!!
* * * LOW HITPOINT WARNING * * *
There is a stone staircase leading up here.
The ogre hits you with a +0 giant club!
You die...

#..# ##.## #..#
#..# ≈≈ ##.#
≈≈≈ #.##
≈≈≈≈######..#
≈≈≈≈≈...###O#
≈≈≈≈≈.....@.##
8≈≈≈≈≈88.....#
.............#
...........#.#
8≈≈≈≈≈88...#..#
..≈≈≈≈.....#..#
..≈≈≈≈≈.#####.#
##≈≈≈≈≈## ..
##≈≈≈≈


You could see an ogre.

Vanquished Creatures
  An orc wizard (D:3)
  A worker ant (D:2)
  3 gnolls (D:3)
  An adder (D:2)
  2 worms (D:2)
  2 dart slugs
  A leopard gecko (D:3)
  6 orcs (D:3)
  10 bats
  4 giant cockroaches
  4 goblins
  9 hobgoblins
  A quokka (D:2)
  A ball python (D:1)
  10 frilled lizards
  12 kobolds
  7 rats
75 creatures vanquished.

Notes
Turn   | Place    | Note
-------+----------+-------------------------------------------
     0 | D:1      | Mame the Hill Orc Monk began the quest for the Orb.
     0 | D:1      | Reached XP level 1. HP: 19/19 MP: 1/1
   112 | D:1      | Reached XP level 2. HP: 26/27 MP: 2/2
   564 | D:1      | Reached skill level 1 in Armour
   737 | D:1      | Reached XP level 3. HP: 27/33 MP: 3/3
  1343 | D:2      | Reached skill level 5 in Axes
  2045 | D:2      | Reached XP level 4. HP: 41/41 MP: 4/4
  2533 | D:3      | Reached XP level 5. HP: 42/47 MP: 5/5
  2546 | D:3      | Reached skill level 6 in Axes
  2656 | D:3      | Became a worshipper of Beogh the Brigand
  2656 | D:3      | Reached * piety under Beogh
  2656 | D:3      | Reached ** piety under Beogh
  3713 | D:4      | Noticed an ogre
  3740 | D:4      | Noticed Grinder
  3817 | D:4      | Noticed an ogre
  3836 | D:4      | Slain by an ogre

Levels and vault maps discovered:
D:1:      saegor_arrival_simple_b, layout_loops_ring
D:2:      layout_rooms, first_ration, minmay_lizard_pond
D:3:      layout_loops_ring, st_stairs_2, kennysheep_generic_room_8
D:4:      wander_river, layout_cave_pods, overflow_temple_1_default,
          serial_shops, shop, uniq_grinder

Skill      XL: |  1  2  3  4  5 |
---------------+----------------+-----
Fighting       | 4 |  4.9
Armour         | 1 2 |  2.4
Axes           | 5 6 |  6.2
Dodging        | |  2.4
Stealth        | |  1.5

Action                   |  1- 3 |  4- 6 || total
-------------------------+-------+-------++-------
Melee: Hand axe          |   135 |   102 ||   237
Throw: Dart              |    24 |    39 ||    63
Invok: Convert to Beogh  |       |     1 ||     1
  Use: Scroll            |       |     7 ||     7
 Stab: Sleeping          |     4 |       ||     4
  Eat: Chunk             |     3 |     6 ||     9
Armor: Robe              |    31 |     7 ||    38
       Chain mail        |       |    48 ||    48
Dodge: Dodged            |    89 |    52 ||   141

Table legend:
 A = Non-vault XP
 B = Vault XP
 C = Vault XP percentage of total XP
 D = Non-vault monster count
 E = Vault monster count
 F = Vault count percentage of total count
                 A         B        C        D         E       F
            +---------+---------+-------+---------+---------+-------
      Total |     238 |      13 |   5.2 |      66 |       9 |  12.0
            +---------+---------+-------+---------+---------+-------
        D:1 |      40 |       0 |   0.0 |      22 |       0 |   0.0
        D:2 |      73 |       5 |   6.4 |      17 |       5 |  22.7
        D:3 |     125 |       8 |   6.0 |      27 |       4 |  12.9
            +---------+---------+-------+---------+---------+-------
